 Dungeon Crawl Stone Soup version 0.30-a0-986-g7f2e898f52 (webtiles) character file.

Game seed: 5076573139364000242

817 kae the Changer (level 7, -11/48 HPs)
             Began as a Demonspawn Transmuter on Apr 1, 2023.
             Mangled by Blork the orc
             ... wielding a +0 trident
              (12 damage)
             ... on level 6 of the Dungeon.
             The game lasted 00:04:49 (5256 turns).

kae the Changer (Demonspawn Transmuter)             Turns: 5256, Time: 00:04:50

Health: -11/48     AC:  2    Str: 10    XL:     7   Next: 62%
Magic:  10/12      EV: 19    Int: 17    God:
Gold:   179        SH:  0    Dex: 18    Spells: 3/13 levels left

rFire   . . .      SeeInvis .      - Unarmed
rCold   + . .      Faith    .    (shield currently unavailable)
rNeg    . . .      Spirit   .    a - melded +0 robe
rPois   .          Reflect  .    h - melded +0 helmet
rElec   .          Rampage  .    (cloak currently unavailable)
rCorr   .                        (gloves currently unavailable)
Will    .....                    k - melded +1 pair of boots
Stlth   ++                       (no amulet)
HPRegen 0.28/turn                P - ring of poison resistance
MPRegen 0.13/turn                C - ring of protection from cold

@: spider-form (expiring)
A: venomous fangs, tiny, (claws 1), powered by pain 1, (spiny 1)
a: End Transformation


You were on level 6 of the Dungeon.
You were a venomous arachnid creature.
You visited 2 branches of the dungeon, and saw 7 of its levels.

You collected 239 gold pieces.
You spent 60 gold pieces at shops.


Innate Abilities, Weirdness & Mutations

You are a venomous arachnid creature.
You have venomous fangs.
You are tiny and dextrous.
Your spellcasting is less reliable in this form.
Your armour is entirely melded.
You are incapable of wielding weapons or throwing items.
((You have sharp fingernails.))
You sometimes gain a little power by taking damage.
((You are partially covered in sharp spines.))


   Skills:
 - Level 1.0 Fighting
 - Level 1.7 Dodging
 + Level 4.3 Unarmed Combat
 + Level 3.9 Spellcasting
 * Level 5.2 Transmutations
 * Level 2.4 Ice Magic
 - Level 2.1 Poison Magic


You had 3 spell levels left.
You knew the following spells:

 Your Spells              Type           Power      Damage    Failure   Level
a - Beastly Appendage     Tmut           42%        N/A       8%          1
b - Wereblood             Tmut           21%        N/A       10%         2
c - Spider Form           Tmut/Pois      15%        N/A       26%         3
d - Ice Form              Ice/Tmut       16%        N/A       54%         4

Your spell library contained the following spells:

 Spells                   Type           Power      Damage    Failure   Level
 Ensorcelled Hibernation  Hex/Ice        14%        N/A       32%         2
 Sublimation of Blood     Necr           3%         N/A       45%         2
 Anguish                  Hex/Necr       1%         N/A       95%         4
 Summon Hydra             Summ           1%         N/A       100%        7

Inventory:

Missiles
 f - 2 stones
 i - 10 poisoned darts
Armour
 a - a +0 robe (melded)
 h - a +0 helmet (melded)
   (You found it on level 1 of the Dungeon)
 k - a +1 pair of boots (melded)
   (You found it on level 1 of the Dungeon)
Jewellery
 C - a ring of protection from cold (right front pincers)
   (You found it on level 2 of the Dungeon)
 I - a +6 ring of intelligence
   (You found it on level 5 of the Dungeon)
 L - a ring of flight
   (You found it on level 4 of the Dungeon)
 P - a ring of poison resistance (left front pincers)
   (You found it on level 1 of the Dungeon)
Scrolls
 g - a scroll of magic mapping {!r}
 p - a scroll of teleportation {@r4}
 s - a scroll of enchant weapon {unknown}
Potions
 b - a potion of lignification {!q}
 c - a potion of degeneration {!q}
 d - 8 potions of curing {unknown}
 e - a potion of haste {@q3}
 j - a potion of ambrosia
 l - a potion of mutation {!q}
 m - 2 potions of cancellation
 n - a potion of berserk rage {unknown}
 o - 2 potions of flight
 q - a potion of brilliance {unknown}
 r - a potion of might {unknown}

Dungeon Overview and Level Annotations

Branches:
Dungeon (6/15) Zot: 26937  Temple (1/1) D:4 Zot: 5821

Altars:
Ashenzari
Dithmenos
Fedhas
Gozag
Hepliaklqana
Kikubaaqudgha
Makhleb
Nemelex Xobeh
Okawaru
Ru
Sif Muna
Trog
Uskayaw
Vehumet
Wu Jian
Xom

Shops:
D:4 **

Annotations:
D:6 Blork the orc

#......### ...#
#........###..#####
#..####......[......
#..# ####.........#
#.# ##...##### ..
##?.# #.. ##..#
##...# #s...#
#.o....# .....###?.#
.....## #...# ##.##
##..# .. ...# # #..#


You could see Blork the orc (fast, extremely poisoned).


Message History

😎 MP[-3]
You lost 3 mp, and now have 9/12 mp.
An adder is nearby!
An adder is nearby!
The adder hisses angrily.
The adder completely misses you. The adder barely misses you. 😎 MP[+1]
An adder is nearby!
You closely miss the adder. The adder bites you but does no damage.
You barely miss the adder. The adder bites you but does no damage.
An adder is nearby!
You hit the adder.
The adder is poisoned.
The adder misses you.
You closely miss the adder. The adder barely misses you. x2
An adder is nearby!
Unknown command.
An adder is nearby!
Unknown command.
An adder is nearby!
You bite the adder!
You kill the adder!
No target in view!
Your transformation is almost over.
Your transformation has ended.
Your +0 helmet unmelds from your body.
Your +1 pair of boots unmelds from your body.
Your +0 robe unmelds from your body. 😎 MP[+1]
A sky beast comes into view. 😎 MP[+1]
Your mp is fully restored (12).
A sky beast is nearby!
A sky beast is nearby!
A sky beast is nearby!
The sky beast flickers out of sight!
Deactivating autopickup; reactivate with Ctrl-A.
Casting: Spider Form (dangerous; 11% risk of failure)
Confirm with . or Enter, or press ? or * to list all spells.
You turn into a venomous arachnid creature.
Your +0 helmet melds into your body.
Your +1 pair of boots melds into your body.
Your +0 robe melds into your body. 😎 MP[-3]
You lost 3 mp, and now have 9/12 mp.
Blork the orc comes into view.
He is wielding a +0 trident.
Something hits you. Something shocks you.
You hit something but do no damage.
A sky beast appears from thin air!
Reactivating autopickup.
The sky beast closely misses you. 😕 HP[-9]
You take 9 damage, and now have 39/48 hp.
You bite the sky beast!
The sky beast is poisoned.
Blork the orc shouts!
The sky beast barely misses you. 😕 HP[+1]
You bite the sky beast!
The sky beast looks as sick as possible!
The sky beast misses you.
You bite the sky beast!
The sky beast hits you but does no damage.
Blork the orc drinks a potion.
Blork the orc seems to speed up.
You closely miss the sky beast.
The sky beast barely misses you. 😕 MP[+1]
You closely miss the sky beast.
Blork the orc miscasts a cantrip.
The sky beast hits you. The sky beast shocks you.
Blork the orc hits you from afar with a +0 trident!
* * * LOW HITPOINT WARNING * * *
😨 HP[-17]
You take 17 damage, and now have 23/48 hp.
MASSIVE DAMAGE!! (PAUSE)
You hit the sky beast.
You kill the sky beast!
Blork the orc misses you.
Blork the orc gestures at you while chanting.
The puff of frost hits you. You resist.
* * * LOW HITPOINT WARNING * * *
Blork the orc hits you with a +0 trident.
* * * LOW HITPOINT WARNING * * *
You see here a sky beast corpse. 😨 HP[-8]
You take 8 damage, and now have 15/48 hp.
You hit Blork the orc. Blork the orc closely misses you.
You hit Blork the orc.
Blork the orc is poisoned.
Your transformation is almost over.
Blork the orc points at you and mumbles some strange words.
The magic dart hits you.
* * * LOW HITPOINT WARNING * * *
😱 HP[-5]
You take 5 damage, and now have 10/48 hp.
You hit Blork the orc. Blork the orc misses you.
Blork the orc gestures at you while chanting.
The puff of flame hits you!
* * * LOW HITPOINT WARNING * * *
😱 HP[-9]
You take 9 damage, and now have 1/48 hp.
You bite Blork the orc!
Blork the orc looks as sick as possible!
Blork the orc hits you with a +0 trident!
You die...

Skill      XL: |  1  2  3  4  5  6  7 |
---------------+----------------------+-----
Transmutations | 2 3 4 5 |  5.2
Unarmed Combat | 3 4 |  4.3
Poison Magic   | 1 2 |  2.1
Spellcasting   | 3 |  3.9
Ice Magic      | 1 2 |  2.4
Fighting       | |  1.0
Dodging        | |  1.7

Action                     |  1- 3 |  4- 6 |  7- 9 || total
---------------------------+-------+-------+-------++-------
  Melee: Unarmed           |    89 |   153 |    53 ||   295
         Kick              |    22 |    13 |       ||    35
         Headbutt          |     8 |     5 |       ||    13
   Cast: Beastly Appendage |    30 |    18 |       ||    48
         Spider Form       |       |    11 |     9 ||    20
         Wereblood         |       |     1 |     1 ||     2
    Use: Scroll            |     8 |     8 |       ||    16
 Armour: Robe              |    17 |    11 |       ||    28
         Skin              |       |     6 |     3 ||     9
  Dodge: Dodged            |    44 |    74 |    38 ||   156

Levels and vault maps discovered:
D:1:      tekkud_arrival_beachfront_property, layout_basic,
          ebering_ecumenical_altar_rust, kennysheep_small_spiral,
          chequers_mini_garden
D:2:      layout_rooms
D:3:      layout_loops_corners, nicolae_overflow_hallway_of_the_gods,
          mainiacjoe_overflow_boulevard, mainiacjoe_overflow_brackets,
          uniq_natasha
D:4:      layout_loops_corners, minmay_temple_entry_trees, serial_shops,
          nicolae_shop_window_shopping, nicolae_shop_overgrown_old_shop,
          minmay_surrounded
D:5:      cheibrodos_iron_armory, layout_loops_cross
D:6:      layout_layer_cave, mainiacjoe_overflow_24_doors,
          mainiacjoe_overflow_concentric_impassable,
          chequers_serial_rivers_small_a, uniq_eustachio, uniq_blork_the_orc,
          uniq_menkaure
Temple:   nicolae_temple_bog_church

Notes
Turn   | Place    | Note
-------+----------+-------------------------------------------
     0 | D:1      | kae the Demonspawn Transmuter began the quest for the Orb.
     0 | D:1      | Reached XP level 1. HP: 15/15 MP: 3/3
     0 | D:1      | magus.rc [v1.11.3]
   103 | D:1      | You pick up a book of Dreams and begin reading...
   103 | D:1      | You add the spells Ensorcelled Hibernation and Anguish to
                  | your library.
   110 | D:1      | Reached skill level 2 in Transmutations
   299 | D:1      | Gained mutation: You are partially covered in sharp spines.
                  | [demonic ancestry]
   299 | D:1      | Reached XP level 2. HP: 21/21 MP: 3/5
   335 | D:1      | Learned a level 2 spell: Wereblood
   591 | D:1      | Found a faded altar of an unknown god.
   912 | D:1      | Reached skill level 3 in Unarmed Combat
  1016 | D:1      | Gained mutation: You have sharp fingernails. [demonic
                  | ancestry]
  1016 | D:1      | Reached XP level 3. HP: 26/26 MP: 6/6
  1020 | D:1      | Learned a level 3 spell: Spider Form
  1369 | D:2      | Reached skill level 1 in Poison Magic
  1503 | D:2      | Gained mutation: You sometimes gain a little power by
                  | taking damage. [demonic ancestry]
  1503 | D:2      | Reached XP level 4. HP: 29/32 MP: 5/7
  1689 | D:2      | Reached skill level 3 in Transmutations
  1785 | D:3      | Found an opulent altar of Gozag.
  1909 | D:3      | Found a shimmering blue altar of Sif Muna.
  2104 | D:3      | Noticed Natasha
  2111 | D:3      | Killed Natasha
  2274 | D:3      | Noticed Natasha
  2285 | D:3      | Killed Natasha
  2286 | D:3      | Reached skill level 2 in Poison Magic
  2286 | D:3      | Reached XP level 5. HP: 35/37 MP: 5/9
  2410 | D:3      | Found a blossoming altar of Fedhas.
  2410 | D:3      | Found a sparkling altar of Nemelex Xobeh.
  2417 | D:3      | Found a burning altar of Makhleb.
  2420 | D:3      | Found an iron altar of Okawaru.
  2434 | D:3      | Found an ornate altar of the Wu Jian Council.
  2450 | D:3      | Found an ancient bone altar of Kikubaaqudgha.
  2540 | D:3      | Noticed Natasha
  2552 | D:3      | Killed Natasha
  3080 | D:4      | Reached skill level 3 in Spellcasting
  3109 | D:4      | Reached skill level 4 in Transmutations
  3109 | D:4      | Reached XP level 6. HP: 26/43 MP: 7/10
  3214 | D:4      | Found Boebaof's Assorted Antiques.
  3233 | D:4      | Found Foix's Assorted Antiques.
  3266 | D:4      | Bought a scroll labelled MUGIAHEAD for 21 gold pieces
  3266 | D:4      | Bought a scroll labelled PAKHLU KIFISM for 21 gold pieces
  3266 | D:4      | Bought a viscous grey potion for 18 gold pieces
  3514 | D:4      | Found a staircase to the Ecumenical Temple.
  3578 | D:4      | You pick up a book of Blood and begin reading...
  3578 | D:4      | You add the spells Sublimation of Blood and Summon Hydra to
                  | your library.
  3597 | Temple   | Entered the Ecumenical Temple
  3811 | D:4      | Learned a level 4 spell: Ice Form
  4276 | D:5      | Entered Level 5 of the Dungeon
  4384 | D:5      | Reached skill level 4 in Unarmed Combat
  4384 | D:5      | Reached skill level 1 in Ice Magic
  4384 | D:5      | Reached XP level 7. HP: 30/48 MP: 6/12
  4816 | D:5      | Reached skill level 5 in Transmutations
  5002 | D:5      | Reached skill level 2 in Ice Magic
  5244 | D:6      | Noticed Blork the orc
  5254 | D:6      | HP: 10/48 [Blork the orc/magic dart (6)]
  5255 | D:6      | HP: 1/48 [Blork the orc/puff of flame (9)]
  5256 | D:6      | Mangled by Blork the orc

Vanquished Creatures
  A sky beast (D:6)
  2 phantoms
  2 scorpions (D:5)
  2 hounds
  2 iguanas (D:5)
  Natasha (thrice) (D:3)
  2 orc wizards (D:4)
  8 adders
  4 gnolls (D:5)
  3 worms
  A dart slug (D:1)
  8 orcs
  9 endoplasms
  8 giant cockroaches
  12 goblins
  7 hobgoblins
  5 jackals
  6 kobolds
  4 quokkas
  8 ball pythons
  6 bats
  4 frilled lizards
  9 rats
116 creatures vanquished.

Vanquished Creatures (others)
  3 plants (D:3)
3 creatures vanquished.

Grand Total: 119 creatures vanquished

Table legend:
 A = Non-vault XP
 B = Vault XP
 C = Vault XP percentage of total XP
 D = Non-vault monster count
 E = Vault monster count
 F = Vault count percentage of total count
                 A         B        C        D         E       F
            +---------+---------+-------+---------+---------+-------
      Total |    1127 |      41 |   3.5 |     111 |       5 |   4.3
            +---------+---------+-------+---------+---------+-------
        D:1 |      45 |       0 |   0.0 |      27 |       0 |   0.0
        D:2 |      74 |       0 |   0.0 |      19 |       0 |   0.0
        D:3 |     144 |      35 |  19.6 |      31 |       1 |   3.1
        D:4 |     263 |       6 |   2.2 |      20 |       4 |  16.7
        D:5 |     456 |       0 |   0.0 |      12 |       0 |   0.0
        D:6 |     145 |       0 |   0.0 |       2 |       0 |   0.0
            +---------+---------+-------+---------+---------+-------

Illustrated notes

Table legend:
 A = Kills in this place as a percentage of kills in the entire game.
 B = Kills by you in this place as a percentage of kills by you in the entire game.
 C = Kills by friends in this place as a percentage of kills by friends in the entire game.
 D = Other kills in this place as a percentage of other kills in the entire game.
 E = Experience gained in this place as a percentage of experience gained in the entire game.
 F = Experience gained in this place divided by the number of levels of this place that you have seen.
                   A       B       C       D       E      F
               +-------+-------+-------+-------+-------+----------------------
         Total | 100.0 | 100.0 |   N/A |   N/A | 100.0 | 166.9
       Dungeon | 100.0 | 100.0 |   N/A |   N/A | 100.0 | 194.7
               +-------+-------+-------+-------+-------+----------------------

Table legend: (Time is in decaauts)
 A = Elapsed time spent in this place.
 B = Non-inter-level travel time spent in this place.
 C = Inter-level travel time spent in this place.
 D = Time resting spent in this place.
 E = Time spent auto-exploring this place.
 F = Levels seen in this place.
 G = Mean time per level.
                   A        B        C        D        E       F      G
               +--------+--------+--------+--------+--------+-----+--------+
         Total |   5245 |   5037 |    208 |     26 |   4080 |   7 |  749.3 |
       Dungeon |   5066 |   4877 |    189 |     26 |   3929 |   6 |  844.3 |
        Temple |    178 |    159 |     19 |      0 |    150 |   1 |  178.0 |
               +--------+--------+--------+--------+--------+-----+--------+

Top non-repeatable levels by time:
     D:3: 1237 daAuts
     D:1: 1126 daAuts
     D:4: 1091 daAuts
     D:5: 912 daAuts
     D:2: 637 daAuts
  Temple: 178 daAuts
     D:6: 61 daAuts
